 Dungeon Crawl Stone Soup version 0.29-a0-284-gf9362112df (webtiles) character file.

Game seed: 18287184209924963259

771 drugrobin the Chopper (level 7, -3/61 HPs)
             Began as a Demigod Fighter on Mar 31, 2022.
             Slain by an ogre
             ... wielding a +0 giant spiked club
              (27 damage)
             ... on level 4 of the Dungeon.
             The game lasted 00:14:13 (6349 turns).

drugrobin the Chopper (Demigod Fighter)             Turns: 6349, Time: 00:14:14

Health: -3/61      AC: 12    Str: 25    XL:     7   Next: 27%
Magic:  9/9        EV:  7    Int: 10    God:
Gold:   250        SH:  4    Dex: 13    Spells: 6/6 levels left

rFire   . . .      SeeInvis .   b - +0 mace (venom)
rCold   . . .      Faith    .   C - +0 buckler
rNeg    . . .      Spirit   .   q - +0 chain mail
rPois   .          Reflect  .   (no helmet)
rElec   .          Harm     .   (no cloak)
rCorr   .          Rampage  .   (no gloves)
Will    .....                   t - +2 pair of boots
Stlth   ..........              (no amulet)
HPRegen 0.20/turn               n - ring of wizardry
MPRegen 0.11/turn               (no ring)

@: no status effects
A: high MP 1, forlorn, divine attributes
a: no special abilities


You were on level 4 of the Dungeon.
You visited 1 branch of the dungeon, and saw 5 of its levels.

You collected 250 gold pieces.

Inventory:

Hand Weapons
 a - a +0 war axe
 b - a +0 mace of venom (weapon)
 c - a +1 flail of protection
Missiles
 i - 7 boomerangs (quivered)
 y - 8 poisoned darts
Armour
 q - a +0 chain mail (worn)
 s - a +0 scale mail
 t - a +2 pair of boots (worn)
 C - a +0 buckler (worn)
 E - a +0 leather armour of poison resistance
Jewellery
 n - a ring of wizardry (left hand)
Wands
 A - a wand of flame (3)
Scrolls
 e - 2 scrolls of fear {unknown}
 f - a scroll of noise {unknown}
 k - a scroll of magic mapping {unknown}
 l - 2 scrolls of teleportation {unknown}
 m - a scroll of torment {unknown}
 w - a scroll of amnesia {unknown}
 x - 3 scrolls of identify {unknown}
 D - 2 scrolls of blinking {unknown}
Potions
 d - a potion of might
 g - a potion of attraction {unknown}
 h - 2 potions of lignification {unknown}
 j - 3 potions of curing {unknown}
 o - a potion of flight {unknown}
 p - 2 potions of magic {unknown}
 r - a potion of degeneration {unknown}
 u - a potion of ambrosia {unknown}
 v - 2 potions of heal wounds {unknown}
 z - a potion of brilliance {unknown}
 B - a potion of mutation {unknown}


   Skills:
 + Level 5.1 Fighting
 * Level 6.5 Axes
 - Level 2.6 Armour
 - Level 2.6 Shields


You had 6 spell levels left.
You didn't know any spells.
Your spell library was empty.

Dungeon Overview and Level Annotations

Branches:
Dungeon (5/15)
 Temple: D:4-7

Annotations:
D:5 Eustachio


Innate Abilities, Weirdness & Mutations

You have an increased reservoir of magic. (+10% MP)
You shall have no god before yourself.
Your divine heritage dramatically boosts your attributes as you level up.


Message History

There is a stone staircase leading down here.
Things that are here:
a +0 robe; a +0 dagger
There is an open door here.
HP restored.
There is a stone staircase leading down here.
You climb downwards.
Level annotation: Eustachio The ogre shouts!
There is a stone staircase leading up here.
Unknown command.
Unknown command.
You barely miss the ogre. The ogre completely misses you.
Unknown command.
Unknown command.
You hit the ogre.
The ogre is poisoned.
The ogre is lightly wounded.
The ogre hits you with a +0 giant spiked club!!
You hear an angry hiss.
Unknown command.
Unknown command.
Unknown command.
Unknown command.
You hit the ogre.
The ogre looks as sick as possible!
The ogre is lightly wounded.
An iguana comes into view.
The ogre hits you with a +0 giant spiked club!!
Unknown command.
Unknown command.
You climb upwards.
There is a stone staircase leading down here.
Unknown command.
Unknown command.
Aiming: Throw Flame
Press: ? - help, Shift-Dir - straight line, f - ogre
Aim: an ogre, wielding a +0 giant spiked club (heavily wounded, extremely poisoned, 85% to hit)
The puff of flame hits the ogre.
The ogre is heavily wounded.
The ogre hits you with a +0 giant spiked club!!
You die...

###....#.##..(.#.........#
#.... #
######.##....#.........#
#....
###.......[..............#
#....
.##.####.#...............#
#....
.##.#....#...............#
#....
.##.#.####.....#...).....#
#.... ###.#.#
#.....#.........# #....
#.#.# #.....#.÷.......#
#.... #.#.#
#.###.#@O.......# #....
###.#.# #.# #.##.......##
####. #...#.# #.#
#.##.......# #† #.###.#
#.# #.########## #.
#.###.# #.# #.# #. ....#.#
#.# #.# #. #.#.#.# #.# #.#
#. #.#.#.# #[# #.# #)
#.#.#.# #.# #.# #)


You could see an ogre (extremely poisoned).

Vanquished Creatures
  A black bear (D:4)
  2 ogres
  3 hounds
  2 orc priests (D:4)
  3 iguanas
  Jessica (D:3)
  Terence (D:3)
  Ijyb (D:3)
  An orc wizard (D:4)
  Robin (D:3)
  3 gnolls (D:3)
  5 adders
  A shadow imp (D:5)
  A worm (D:2)
  A dart slug (D:3)
  9 orcs
  2 ball pythons
  9 endoplasms
  4 giant cockroaches
  19 goblins
  4 hobgoblins
  6 jackals
  4 quokkas
  5 bats
  A frilled lizard (D:1)
  4 kobolds
  4 rats
98 creatures vanquished.

Notes
Turn   | Place    | Note
-------+----------+-------------------------------------------
     0 | D:1      | drugrobin the Demigod Fighter began the quest for the Orb.
     0 | D:1      | Reached XP level 1. HP: 18/18 MP: 3/3
   108 | D:1      | Reached skill level 2 in Axes
   409 | D:1      | Reached XP level 2. HP: 24/25 MP: 4/4
  1168 | D:1      | Reached skill level 3 in Axes
  1168 | D:1      | Reached XP level 3. HP: 31/31 MP: 5/5
  1823 | D:3      | Noticed Robin
  1824 | D:3      | Noticed Jessica
  2204 | D:3      | Killed Robin
  2205 | D:3      | Reached XP level 4. HP: 38/38 MP: 6/6
  2539 | D:3      | Noticed Terence
  2571 | D:3      | Killed Terence
  2572 | D:3      | Reached skill level 4 in Axes
  2678 | D:3      | Noticed a balrug
  2755 | D:3      | Killed Jessica
  2796 | D:3      | Reached XP level 5. HP: 38/46 MP: 7/7
  2883 | D:3      | Noticed Ijyb
  2895 | D:3      | Killed Ijyb
  3084 | D:3      | You fall into a shaft and drop 1 floor!
  3281 | D:4      | Noticed an ogre
  3286 | D:5      | Entered Level 5 of the Dungeon
  3408 | D:4      | Reached skill level 5 in Axes
  3596 | D:3      | Reached XP level 6. HP: 44/52 MP: 8/8
  4452 | D:4      | Reached skill level 6 in Axes
  4454 | D:4      | Reached XP level 7. HP: 24/60 MP: 9/9
  5865 | D:3      | Reached skill level 5 in Fighting
  6230 | D:5      | Noticed Eustachio
  6349 | D:4      | Slain by an ogre

Illustrated notes

Levels and vault maps discovered:
D:1:      arrival_zaba_pyramid, layout_loops_ring,
          chequers_ecumenical_altar_twisty
D:2:      layout_basic, minmay_fractal_squares_5
D:3:      layout_loops_cross, marbit_many_paths, overflow_temple_1_default,
          makhleb_altar_promises_db, uniq_robin, uniq_ijyb, uniq_jessica,
          uniq_terence
D:4:      layout_basic, nemelex_dance_club_becter
D:5:      layout_basic, trog_butcher_becter, kennysheep_mini_moat, serial_shops,
          nicolae_shop_bloodbath_and_beyond, minivault_14, lemuel_flame_loot_1,
          uniq_eustachio

Skill      XL: |  1  2  3  4  5  6  7 |
---------------+----------------------+-----
Axes           | 2 3 4 5 6 |  6.5
Fighting       | 3 4 5 |  5.1
Armour         | |  2.6
Shields        | |  2.6

Action                   |  1- 3 |  4- 6 |  7- 9 || total
-------------------------+-------+-------+-------++-------
Melee: War axe           |    97 |    46 |    35 ||   178
       Mace              |       |   103 |    18 ||   121
Throw: Boomerang         |    11 |     5 |       ||    16
       Dart              |       |     2 |     7 ||     9
Evoke: Wand              |       |     3 |     5 ||     8
Armor: Scale mail        |    40 |       |       ||    40
       Chain mail        |    12 |    76 |    49 ||   137
Dodge: Dodged            |    38 |    59 |    17 ||   114
Block: Buckler           |    26 |    35 |    12 ||    73

Table legend: (Time is in decaauts)
 A = Elapsed time spent in this place.
 B = Non-inter-level travel time spent in this place.
 C = Inter-level travel time spent in this place.
 D = Time resting spent in this place.
 E = Time spent auto-exploring this place.
 F = Levels seen in this place.
 G = Mean time per level.
                   A        B        C        D        E       F      G
               +--------+--------+--------+--------+--------+-----+--------+
         Total |   6461 |   6080 |    381 |   1172 |   3222 |   5 | 1292.2 |
       Dungeon |   6461 |   6080 |    381 |   1172 |   3222 |   5 | 1292.2 |
               +--------+--------+--------+--------+--------+-----+--------+

Top non-repeatable levels by time:
     D:3: 2030 daAuts
     D:4: 1826 daAuts
     D:1: 1183 daAuts
     D:2: 1120 daAuts
     D:5: 299 daAuts
